 Dungeon Crawl Stone Soup version 0.30-a0-694-g3340775977 (webtiles) character file.

Game seed: 10131760563167423540

252 Alitron123 the Trooper (level 6, -7/40 HPs)
             Began as a Gargoyle Berserker on Jan 20, 2023.
             Was a Priest of Trog.
             Mangled by an ogre
             ... wielding a +0 giant club
              (24 damage)
             ... on level 4 of the Dungeon.
             The game lasted 00:06:38 (2667 turns).

Alitron123 the Trooper (Gargoyle Berserker)         Turns: 2667, Time: 00:06:39

Health: -7/40      AC: 15    Str: 25    XL:     6   Next: 14%
Magic:  15/15      EV:  8    Int: 10    God:    Trog [***...]
Gold:   143        SH:  0    Dex:  9    Spells: 5/5 levels left

rFire   . . .      SeeInvis .    b - +5 long sword of the Middle {drain, Str+2 Int+3}
rCold   . . .      Faith    .    (no shield)
rNeg    + . .      Spirit   .    s - +0 chain mail
rPois   ∞          Reflect  .    e - +1 hat {Will+}
rElec   +          Harm     .    (no cloak)
rCorr   .          Rampage  .    (no gloves)
Will    +++..                    i - +0 pair of boots Stlth
                                 (no amulet)
HPRegen 1.26/turn                r - ring of magical power
MPRegen 0.14/turn                (no ring)

@: strong-willed, regenerating
A: sickness immunity, AC +4, negative energy resistance 1, electricity
resistance, torment resistance 1, petrification resistance
a: Renounce Religion, Berserk, Trog's Hand


You were on level 4 of the Dungeon.
You worshipped Trog.
Trog was most pleased with you.
You visited 1 branch of the dungeon, and saw 4 of its levels.

You collected 143 gold pieces.

Inventory:

Hand Weapons
 b - the +5 long sword of the Middle (weapon) {drain, Str+2 Int+3}
   (You found it on level 2 of the Dungeon)

   Str:       It affects your strength (+2).
   Int:       It affects your intelligence (+3).
Armour
 e - a +1 hat of willpower (worn)
 i - a +0 pair of boots (worn)
 s - a +0 chain mail (worn)
Jewellery
 r - a ring of magical power (left hand)
Wands
 l - a wand of polymorph (5) (quivered)
Scrolls
 a - a scroll of poison {unknown}
 d - 7 scrolls of identify {unknown}
 f - 2 scrolls of noise {unknown}
 g - 2 scrolls of immolation {unknown}
 h - a scroll of butterflies {unknown}
 m - 2 scrolls of teleportation {unknown}
 n - a scroll of fear {unknown}
 t - a scroll of magic mapping {unknown}
Potions
 c - 2 potions of magic {unknown}
 j - 4 potions of curing {unknown}
 k - a potion of invisibility {unknown}
 o - 2 potions of cancellation {unknown}
 p - 2 potions of flight {unknown}
 q - a potion of ambrosia {unknown}


   Skills:
 + Level 4.8 Fighting
 + Level 2.5 Long Blades
 + Level 3.6 Maces & Flails
 + Level 3.1 Armour
 + Level 2.3 Dodging
 + Level 0.4 Stealth


You had 5 spell levels left.
You didn't know any spells.
Your spell library was empty.

Dungeon Overview and Level Annotations

Branches:
Dungeon (4/15)
 Temple: D:4-7

Altars:
Fedhas
Sif Muna

Shops:
D:1 =


Innate Abilities, Weirdness & Mutations

You are immune to sickness and miasma.
Your stone body is resilient. (AC +4)
You are immune to poison.
You resist negative energy. (rN+)
You are resistant to electric shocks. (rElec)
You are resistant to unholy torment.
You are immune to petrification.


Message History

You kill the endoplasm!
Trog accepts your kill.
An ogre comes into view. It is wielding a +0 giant club.
The ogre shouts!
You hit the hobgoblin. You drain the hobgoblin.
The hobgoblin is almost dead.
The hobgoblin hits you but does no damage.
You hit the hobgoblin.
You kill the hobgoblin!
Trog accepts your kill.
You see here 5 gold pieces.
You closely miss the ogre.
The ogre hits you with a +0 giant club!!
Ouch! That really hurt!
You are too injured to fight recklessly!
You are too injured to fight recklessly!
You are too injured to fight recklessly!
You are too injured to fight recklessly!
Your skin crawls.
You feel strong-willed. The ogre hits you with a +0 giant club.
You are too injured to fight recklessly!
You are too injured to fight recklessly!
You are too injured to fight recklessly!
You slash the ogre!
The ogre is moderately wounded.
The ogre hits you but does no damage.
You hit the ogre. You drain the ogre.
The ogre is severely wounded.
The ogre completely misses you.
You barely miss the ogre.
The ogre is severely wounded.
You hit the ogre.
The ogre is severely wounded.
The ogre hits you with a +0 giant club!
You barely miss the ogre.
The ogre is severely wounded.
The ogre hits you with a +0 giant club!!
Ouch! That really hurt!
You die...

#...........#
################
.......# ..####.# ..#
#.# ..# #.# .## #.# .#
################### .#
..........@O......
.###
####.####.####.####
...# #8 #.#..'.'..#
...#. ..#.#..#.#..#
.###.##'#.##'#.##'#.#
...#.......)..........
...#.##'#.##'#.##+#.##
...#.#..#.#..#.# .#
).##.#..'.').#.# '


You could see an ogre (drained).

Vanquished Creatures
  A scorpion (D:4)
  Ijyb (D:3)
  7 adders
  An ufetubus (D:4)
  A worm (D:2)
  2 dart slugs
  5 orcs (D:4)
  7 endoplasms
  2 giant cockroaches
  5 goblins
  12 hobgoblins
  6 jackals
  11 kobolds
  4 quokkas
  10 ball pythons
  3 bats
  3 frilled lizards
  6 rats
87 creatures vanquished.

Notes
Turn   | Place    | Note
-------+----------+-------------------------------------------
     0 | D:1      | Alitron123 the Gargoyle Berserker began the quest for the
                  | Orb.
     0 | D:1      | Reached XP level 1. HP: 14/14 MP: 1/1
    93 | D:1      | Reached XP level 2. HP: 19/19 MP: 2/2
   167 | D:1      | Found Xiogayt's Jewellery Emporium.
   294 | D:1      | Reached XP level 3. HP: 20/24 MP: 3/3
   653 | D:2      | Reached ** piety under Trog
   668 | D:2      | Identified the +5 long sword of the Middle {drain, Str+2
                  | Int+3}
   731 | D:2      | Found a faded altar of an unknown god.
   848 | D:2      | Reached skill level 4 in Fighting
  1310 | D:2      | Reached XP level 4. HP: 29/29 MP: 4/4
  1517 | D:3      | Noticed Ijyb
  1532 | D:3      | Killed Ijyb
  1596 | D:3      | Reached XP level 5. HP: 34/34 MP: 5/5
  1663 | D:3      | Reached skill level 1 in Long Blades
  1817 | D:3      | Found a shimmering blue altar of Sif Muna.
  1999 | D:3      | Reached *** piety under Trog
  2363 | D:4      | Found a blossoming altar of Fedhas.
  2444 | D:4      | Reached XP level 6. HP: 40/40 MP: 6/6
  2667 | D:4      | Mangled by an ogre

Illustrated notes

Levels and vault maps discovered:
D:1:      dpeg_arrival_shelter, layout_rooms, serial_shops, shop
D:2:      layout_basic, shapermc_ecumenical_altar_mp_urbaneastern
D:3:      layout_loops_ring, nicolae_sif_muna_condensation,
          kennysheep_generic_room_3, uniq_ijyb
D:4:      minmay_door_path, layout_loops_ring, fedhas_ov_isle_minmay

Skill      XL: |  1  2  3  4  5 |
---------------+----------------+-----
Fighting       | 4 |  4.8
Dodging        | 2 |  2.3
Long Blades    | 2 |  2.5
Armour         | 3 |  3.1
Maces & Flails | |  3.6
Stealth        | |  0.4

Action                   |  1- 3 |  4- 6 || total
-------------------------+-------+-------++-------
Melee: Mace              |   109 |       ||   109
       Punch             |     1 |       ||     1
       Long sword        |    18 |   128 ||   146
Invok: Berserk           |     1 |       ||     1
       Trog's Hand       |       |     1 ||     1
Armor: Animal skin       |    47 |       ||    47
       Scale mail        |    21 |    65 ||    86
       Chain mail        |       |    24 ||    24
Dodge: Dodged            |   106 |   100 ||   206

Table legend: (Time is in decaauts)
 A = Elapsed time spent in this place.
 B = Non-inter-level travel time spent in this place.
 C = Inter-level travel time spent in this place.
 D = Time resting spent in this place.
 E = Time spent auto-exploring this place.
 F = Levels seen in this place.
 G = Mean time per level.
                   A        B        C        D        E       F      G
               +--------+--------+--------+--------+--------+-----+--------+
         Total |   2747 |   2544 |    203 |      0 |   1911 |   4 |  686.8 |
       Dungeon |   2747 |   2544 |    203 |      0 |   1911 |   4 |  686.8 |
               +--------+--------+--------+--------+--------+-----+--------+

Top non-repeatable levels by time:
     D:2: 898 daAuts
     D:3: 810 daAuts
     D:1: 635 daAuts
     D:4: 402 daAuts
